Influenza vs Staline (R3)

Created - 21 mai 2016 at 23:18

Goals
1 2 3 T
Influenza 4 3 0 7
Staline 2 2 2 6
Shots
1 2 3 T
Influenza 21 13 4 38
Staline 14 10 8 32

1st period

1. Staline , Jiri Tlusty 4 (Andrei Loktionov) at 2:42
2. Staline , Cody Eakin 9 (Jiri Tlusty) at 9:02
3. Influenza , Mathieu Carle 3 (Corey Tropp, Brian Salcido) at 13:41
4. Influenza , Robbie Earl 9 (Ryan Carter) at 13:54
5. Influenza , Robbie Earl 10 (Martins Karsums, Ryan Carter) at 14:04
6. Influenza , Jamie Benn 7 (Ben Smith, Zac Dalpe) at 18:28

Penalties :
Cody Eakin (StJ) for Interference (Minor) at 3:04, Jiri Tlusty (StJ) for Tripping (Minor) at 6:15, Stu Bickel (StJ) for Roughing (Minor) at 14:21

2nd period

7. Staline , Jiri Tlusty 5 (Andrei Loktionov, Stu Bickel) at 9:54
8. Staline , Bryan Bickell 7 (David Desharnais) at 12:09
9. Influenza , Robbie Earl 11 (Martins Karsums) at 13:17 (PP)
10. Influenza , Ryan Russell 3 (John Klingberg) at 14:34
11. Influenza , Robbie Earl 12 (Martins Karsums, Ryan Carter) at 19:05

Penalties :
Stu Bickel (StJ) for Hooking (Minor) at 3:19, T.J Galiardi (VJB) for Kneeing (Minor) at 6:37, Evgeny Dadonov (StJ) for Holding (Minor) at 12:50, Mark Fraser (StJ) for Hooking (Minor) at 14:51, Stu Bickel (StJ) for Holding (Minor) at 19:23

3rd period

12. Staline , Evgeny Dadonov 9 (Andrei Loktionov, Stu Bickel) at 3:08 (SH)
13. Staline , Andrei Loktionov 10 (Stu Bickel, Evgeny Dadonov) at 16:59 (SH)

Penalties :
Jiri Tlusty (StJ) for Hooking (Minor) at 2:53, Brian Salcido (VJB) for Interference (Minor) at 9:27, Danny Kristo (StJ) for Hooking (Minor) at 16:48, Martins Karsums (VJB) for Slashing (Minor) at 17:57, Tobias Stephan (StJ) for Delaying the game (Minor) at 18:43 - Stu Bickel served the penalty

Goalie Stats

Alex Stalock (VJB), 26 saves from 32 shots - (0,813), W, 9-3-0, 60:00 minutes
Allen York (StJ), 27 saves from 34 shots - (0,794), L, 3-2-0, 39:05 minutes
Tobias Stephan (StJ), 4 saves from 4 shots - (1,000), 19:44 minutes

Players Stats for Influenza

Player Name              G  A  P  +/- PIM S  H  SB GA TA FO     MP     PP MP  PK MP  
------------------------------------------------------------------------------------
Andreas Engqvist         0  0  0  -1  0   0  0  1  0  0  1/4    10:40   0:00   0:00 
Ben Smith                0  1  1   0  0   4  2  0  0  0  0/0    14:58   6:56   0:00 
Brian Salcido            0  1  1   0  2   1  0  0  0  0  0/0     9:29   0:00   0:00 
Carl Gunnarsson          0  0  0  -1  0   0  1  1  0  0  0/0    20:38   5:53   1:23 
Charlie Coyle            0  0  0   1  0   0  0  1  0  0  3/5     8:29   0:00   0:08 
Corey Tropp              0  1  1   1  0   2  1  0  0  1  0/0     8:19   0:00   0:00 
Jamie Benn               1  0  1   0  0   4  2  0  0  0  0/1    16:47   6:56   1:22 
Jeremy Morin             0  0  0  -1  0   2  1  0  0  0  0/0    10:40   0:00   0:00 
John Klingberg           0  1  1  -1  0   1  1  0  1  0  0/0    20:38   5:53   1:23 
Martins Karsums          0  3  3   0  2   2  1  0  1  0  2/6    21:05   8:35   1:02 
Mathieu Carle            1  0  1   1  0   2  4  1  1  0  0/0    29:54   9:39   2:35 
Noah Welch               0  0  0   1  0   0  1  1  1  2  0/0    29:54   9:39   2:35 
Oskars Bartulis          0  0  0   0  0   3  1  3  0  0  0/0     9:28   0:00   0:00 
Robbie Earl              4  0  4   0  0   6  0  0  0  0  3/8    24:06   8:36   2:28 
Ryan Carter              0  3  3   0  0   5  3  0  0  0  19/35  23:47   8:33   2:20 
Ryan Russell             1  0  1   1  0   1  3  1  1  0  0/1     8:55   0:00   0:36 
T.J Galiardi             0  0  0  -1  2   1  1  0  1  0  0/0    11:15   0:03   0:00 
Zac Dalpe                0  1  1   0  0   4  2  0  0  0  5/10   14:58   6:56   0:00 

Players Stats for Staline

Player Name              G  A  P  +/- PIM S  H  SB GA TA FO     MP     PP MP  PK MP  
------------------------------------------------------------------------------------
Aaron Ness               0  0  0  -2  0   1  1  1  0  0  0/0    15:00   0:00   4:29 
Andrei Loktionov         1  3  4   2  0   7  2  1  1  0  11/27  24:22   2:12   8:23 
Brendan Shinnimin        0  0  0   0  0   0  1  0  0  0  0/2     3:25   0:00   3:05 
Bryan Bickell            1  0  1   0  0   2  3  0  0  0  0/0    10:37   0:00   2:09 
Cody Eakin               1  0  1  -2  2   3  1  0  0  0  3/6     9:30   0:00   0:09 
Corey Trivino            0  0  0   0  0   0  0  0  0  0  0/0     0:15   0:00   0:00 
Danny Kristo             0  0  0   0  2   0  1  0  0  0  0/0     7:41   0:00   0:00 
David Desharnais         0  1  1   0  0   0  0  0  0  0  1/2     7:28   0:00   0:00 
David Kolomatis          0  0  0  -2  0   0  0  0  0  1  0/0    10:25   0:00   0:10 
Evgeny Dadonov           1  1  2   2  2   2  1  1  2  2  11/16  23:57   2:12   8:00 
Greg Pateryn             0  0  0   1  0   0  0  0  0  0  0/0     2:58   0:00   0:49 
James Sheppard           0  0  0  -2  0   2  0  0  0  1  0/1     9:18   0:00   0:00 
Jiri Sekac               0  0  0   0  0   0  0  0  0  0  0/0     0:00   0:00   0:00 
Jiri Tlusty              2  1  3   0  4   6  1  0  0  2  0/2    19:47   2:12   3:56 
Jordan Caron             0  0  0   0  0   0  0  0  0  0  0/0     9:54   1:46   0:00 
Mark Fraser              0  0  0   1  2   1  0  2  0  0  0/0    27:10   2:02   9:29 
Mark Mitera              0  0  0   0  0   1  0  2  0  0  0/0    19:48   1:56   4:55 
Mark Stone               0  0  0  -2  0   0  1  0  0  0  0/0     9:18   0:00   0:00 
Nick Spaling             0  0  0   0  0   1  0  0  0  0  1/1     9:54   1:46   0:00 
Peter Holland            0  0  0   0  0   0  0  0  0  0  0/0     0:00   0:00   0:00 
Stu Bickel               0  3  3   2  6   2  6  1  0  0  0/0    25:10   2:02   6:25 
Torey Krug               0  0  0   0  0   2  0  0  0  0  0/0    19:48   1:56   4:55 
Yan Stastny              0  0  0   0  0   2  2  0  0  0  10/13  16:31   1:46   5:26 

3 Stars

1 - Robbie Earl (VJB)
2 - Andrei Loktionov (StJ)
3 - Ryan Carter (VJB)

Power Play

Influenza - 1 on 10 Attempt(s) - 10,00%
Staline - 0 on 3 Attempt(s) - 0,00%

Penalty Kill

Influenza - 3 on 3 Attempt(s) - 100,00% - Score 0 goal in Penalty Kill
Staline - 9 on 10 Attempt(s) - 90,00% - Score 2 goal in Penalty Kill

Team Stat

Influenza - Hits : 24 - Faceoff Wins : 33 - Blocked Shots : 9 - Penalty Minutes : 6
Staline - Hits : 20 - Faceoff Wins : 37 - Blocked Shots : 8 - Penalty Minutes : 18

Official

Referees : Furlatt Eric and Joannette Marc
Linesman : Darren Gibbs and Pierre Racicot

Game Notes

Robbie Earl has scored a Hat Trick!
Tobias Stephan enters game at 19:05 of 2nd period

Finance

Level 1 -- Attendance: 2000 (100,00%) -- Ticket Income 70 000 $
Level 2 -- Attendance: 1000 (100,00%) -- Ticket Income 15 000 $
Total Attendance: 3000 (100,00%)
Total Ticket Income: 85 000 $
Other Income: 4 250 $
Total Income: 89 250 $

Influenza

5 vs 5 Forward 
   Center                   Left Wing                Right Wing               Time % Phy DF OF 
 1 Ryan Carter              Robbie Earl              Martins Karsums          40     1   2  2  
 2 Zac Dalpe                Jamie Benn               Ben Smith                30     1   2  2  
 3 Andreas Engqvist         T.J Galiardi             Jeremy Morin             20     1   2  2  
 4 Charlie Coyle            Ryan Russell             Corey Tropp              10     1   2  2  

5 vs 5 Defense 
   Defense                  Defense                                           Time % Phy DF OF 
 1 Noah Welch               Mathieu Carle                                     40     1   2  2  
 2 John Klingberg           Carl Gunnarsson                                   30     1   2  2  
 3 Brian Salcido            Oskars Bartulis                                   20     1   2  2  
 4 Noah Welch               Mathieu Carle                                     10     1   2  2  

PowerPlay Forward 
   Center                   Left Wing                Right Wing               Time % Phy DF OF 
 1 Ryan Carter              Robbie Earl              Martins Karsums          60     1   2  2  
 2 Zac Dalpe                Jamie Benn               Ben Smith                40     1   2  2  

PowerPlay Defense
   Defense                  Defense                                           Time % Phy DF OF 
 1 Noah Welch               Mathieu Carle                                     60     1   2  2  
 2 John Klingberg           Carl Gunnarsson                                   40     1   2  2  

Penalty Kill 4 Players Forward 
   Center                   Wing                     Time % Phy DF OF 
 1 Robbie Earl              Ryan Carter              60     1   2  2  
 2 Martins Karsums          Jamie Benn               40     1   2  2  

Penalty Kill 4 Players Defense
   Defense                  Defense                  Time % Phy DF OF 
 1 Noah Welch               Mathieu Carle            60     1   2  2  
 2 John Klingberg           Carl Gunnarsson          40     1   2  2  

Penalty Kill - 3 Players Forward 
   Forward                                           Time % Phy DF OF 
 1 Robbie Earl                                       60     1   2  2  
 2 Ryan Carter                                       40     1   2  2  

Penalty Kill - 3 Players Defense
   Defense                  Defense                  Time % Phy DF OF 
 1 Noah Welch               Mathieu Carle            60     1   2  2  
 2 John Klingberg           Carl Gunnarsson          40     1   2  2  

4 vs 4 Forward 
   Center                   Wing                     Time % Phy DF OF 
 1 Robbie Earl              Ryan Carter              60     1   2  2  
 2 Martins Karsums          Jamie Benn               40     1   2  2  

4 vs 4 Defense
   Defense                  Defense                  Time % Phy DF OF 
 1 Noah Welch               Mathieu Carle            60     1   2  2  
 2 John Klingberg           Carl Gunnarsson          40     1   2  2  

Last Minutes Offensive
   Center                   Left Wing                Right Wing               Defense                  Defense                  
   Ryan Carter              Robbie Earl              Martins Karsums          Noah Welch               Mathieu Carle            

Last Minutes Defensive
   Center                   Left Wing                Right Wing               Defense                  Defense                  
   Ryan Carter              Robbie Earl              Martins Karsums          Noah Welch               Mathieu Carle            

Goaltenders
Starting : Alex Stalock             
Backup : Thomas McCollum          

Extra Forwards
Normal : T.J Galiardi, Jeremy Morin, Ryan Russell - PP : T.J Galiardi, Jeremy Morin - PK : Ryan Russell
Extra Defensemen
Normal : Brian Salcido, Oskars Bartulis, John Klingberg - PP : Brian Salcido - PK : Oskars Bartulis, John Klingberg
Penalty Shots
Robbie Earl, Ryan Carter, Martins Karsums, Jamie Benn, Ben Smith

Staline

5 vs 5 Forward 
   Center                   Left Wing                Right Wing               Time % Phy DF OF 
 1 Andrei Loktionov         Evgeny Dadonov           Jiri Tlusty              40     1   2  2  
 2 Yan Stastny              Nick Spaling             Jordan Caron             30     1   2  2  
 3 David Desharnais         Bryan Bickell            Danny Kristo             20     1   2  2  
 4 Cody Eakin               James Sheppard           Mark Stone               10     1   2  2  

5 vs 5 Defense 
   Defense                  Defense                                           Time % Phy DF OF 
 1 Stu Bickel               Mark Fraser                                       40     1   2  2  
 2 Torey Krug               Mark Mitera                                       30     1   2  2  
 3 David Kolomatis          Aaron Ness                                        20     1   2  2  
 4 Greg Pateryn             Stu Bickel                                        10     1   2  2  

PowerPlay Forward 
   Center                   Left Wing                Right Wing               Time % Phy DF OF 
 1 Andrei Loktionov         Evgeny Dadonov           Jiri Tlusty              60     1   2  2  
 2 Yan Stastny              Nick Spaling             Jordan Caron             40     1   2  2  

PowerPlay Defense
   Defense                  Defense                                           Time % Phy DF OF 
 1 Stu Bickel               Mark Fraser                                       60     1   2  2  
 2 Torey Krug               Mark Mitera                                       40     1   2  2  

Penalty Kill 4 Players Forward 
   Center                   Wing                     Time % Phy DF OF 
 1 Evgeny Dadonov           Andrei Loktionov         60     1   2  2  
 2 Yan Stastny              Jiri Tlusty              40     1   2  2  

Penalty Kill 4 Players Defense
   Defense                  Defense                  Time % Phy DF OF 
 1 Stu Bickel               Mark Fraser              60     1   2  2  
 2 Torey Krug               Mark Mitera              40     1   2  2  

Penalty Kill - 3 Players Forward 
   Forward                                           Time % Phy DF OF 
 1 Evgeny Dadonov                                    60     1   2  2  
 2 Andrei Loktionov                                  40     1   2  2  

Penalty Kill - 3 Players Defense
   Defense                  Defense                  Time % Phy DF OF 
 1 Stu Bickel               Mark Fraser              60     1   2  2  
 2 Torey Krug               Mark Mitera              40     1   2  2  

4 vs 4 Forward 
   Center                   Wing                     Time % Phy DF OF 
 1 Evgeny Dadonov           Andrei Loktionov         60     1   2  2  
 2 Yan Stastny              Jiri Tlusty              40     1   2  2  

4 vs 4 Defense
   Defense                  Defense                  Time % Phy DF OF 
 1 Stu Bickel               Mark Fraser              60     1   2  2  
 2 Torey Krug               Mark Mitera              40     1   2  2  

Last Minutes Offensive
   Center                   Left Wing                Right Wing               Defense                  Defense                  
   Andrei Loktionov         Evgeny Dadonov           Jiri Tlusty              Stu Bickel               Mark Fraser              

Last Minutes Defensive
   Center                   Left Wing                Right Wing               Defense                  Defense                  
   Andrei Loktionov         Evgeny Dadonov           Jiri Tlusty              Stu Bickel               Mark Fraser              

Goaltenders
Starting : Allen York               
Backup : Tobias Stephan           

Extra Forwards
Normal : Corey Trivino, Peter Holland, Brendan Shinnimin - PP : Corey Trivino, Peter Holland - PK : Brendan Shinnimin
Extra Defensemen
Normal : David Kolomatis, Aaron Ness, Greg Pateryn - PP : David Kolomatis - PK : Aaron Ness, Greg Pateryn
Penalty Shots
Evgeny Dadonov, Andrei Loktionov, Yan Stastny, Jiri Tlusty, Nick Spaling

% Time on Ice - Influenza

Lines # - Real PCT - Wanted PCT - Time Play
Normal Forward
1 - 30% - 40% - 11:30
2 - 21% - 30% - 8:02
3 - 28% - 20% - 10:40
4 - 22% - 10% - 8:19
Normal Defense
1 - 41% - 40% - 15:59
2 - 33% - 30% - 12:47
3 - 25% - 20% - 9:28
4 - 1% - 10% - 0:17
PP Forward
1 - 55% - 60% - 8:36
2 - 45% - 40% - 6:56
PP Defense
1 - 62% - 60% - 9:39
2 - 38% - 40% - 5:53
PK Forward
1 - 74% - 60% - 2:56
2 - 26% - 40% - 1:02
PK Defense
1 - 65% - 60% - 2:35
2 - 35% - 40% - 1:23
PK3 Forward
1 - 0% - 60%
2 - 0% - 40%
PK3 Defense
1 - 0% - 60%
2 - 0% - 40%
44 Forward
1 - 79% - 60% - 1:34
2 - 21% - 40% - 0:25
44 Defense
1 - 71% - 60% - 1:24
2 - 29% - 40% - 0:35
Last Minute Offensive  - 0:00
Last Minute Defensive  - 0:00
Total
Forward - 60:00
Defense - 60:00

% Time on Ice - Staline

Lines # - Real PCT - Wanted PCT - Time Play
Normal Forward
1 - 33% - 40% - 12:54
2 - 23% - 30% - 8:51
3 - 19% - 20% - 7:28
4 - 24% - 10% - 9:18
Normal Defense
1 - 38% - 40% - 14:37
2 - 31% - 30% - 12:05
3 - 26% - 20% - 10:00
4 - 5% - 10% - 1:49
PP Forward
1 - 55% - 60% - 2:12
2 - 45% - 40% - 1:46
PP Defense
1 - 51% - 60% - 2:02
2 - 49% - 40% - 1:56
PK Forward
1 - 65% - 60% - 10:06
2 - 35% - 40% - 5:26
PK Defense
1 - 68% - 60% - 10:37
2 - 32% - 40% - 4:55
PK3 Forward
1 - 100% - 60% - 0:04
2 - 0% - 40% - 0:00
PK3 Defense
1 - 100% - 60% - 0:04
2 - 0% - 40% - 0:00
44 Forward
1 - 76% - 60% - 1:27
2 - 24% - 40% - 0:28
44 Defense
1 - 55% - 60% - 1:03
2 - 45% - 40% - 0:52
Last Minute Offensive  - 0:00
Last Minute Defensive  - 0:00
Total
Forward - 60:00
Defense - 60:00

Play by Play

1st period


0:01 of 1st period - Ryan Carter wins face-off versus Andrei Loktionov in neutral zone.
0:50 of 1st period - Nick Spaling is hit by Jamie Benn and loses puck.
1:11 of 1st period - Snap shot by Jeremy Morin.
1:11 of 1st period - Stopped by Allen York without a rebound.
1:12 of 1st period - Andrei Loktionov wins face-off versus Andreas Engqvist in Staline zone.
1:21 of 1st period - Slapshot by Andrei Loktionov.
1:21 of 1st period - Shot Misses the Net.
1:23 of 1st period - Snap shot by Evgeny Dadonov.
1:23 of 1st period - Stopped by Alex Stalock with a rebound.
1:25 of 1st period - Wrist shot by Jiri Tlusty.
1:25 of 1st period - Shot Blocked by Andreas Engqvist.
1:27 of 1st period - Slapshot by Torey Krug.
1:27 of 1st period - Stopped by Alex Stalock with a rebound.
1:37 of 1st period - Oskars Bartulis is hit by Bryan Bickell and loses puck.
1:54 of 1st period - Brian Salcido is hit by Bryan Bickell.
2:08 of 1st period - Snap shot by Jeremy Morin.
2:08 of 1st period - Shot Misses the Net.
2:10 of 1st period - Snap shot by Jeremy Morin.
2:10 of 1st period - Stopped by Allen York with a rebound.
2:12 of 1st period - Slapshot by Oskars Bartulis.
2:12 of 1st period - Stopped by Allen York with a rebound.
2:14 of 1st period - Slapshot by Oskars Bartulis.
2:14 of 1st period - Stopped by Allen York with a rebound.
2:30 of 1st period - Snap shot by Ben Smith.
2:30 of 1st period - Deflect By Jamie Benn.
2:30 of 1st period - Stopped by Allen York with a rebound.
2:32 of 1st period - Slapshot by Oskars Bartulis.
2:32 of 1st period - Stopped by Allen York without a rebound.
2:33 of 1st period - Andrei Loktionov wins face-off versus Zac Dalpe in Staline zone.
2:42 of 1st period - Snap shot by Jiri Tlusty.
2:42 of 1st period - Goal by Jiri Tlusty - Influenza : 0 - Staline : 1.
2:43 of 1st period - Ryan Carter wins face-off versus Cody Eakin in neutral zone.
3:04 of 1st period - Minor Penalty to Cody Eakin for Interference.
3:05 of 1st period - Ryan Carter wins face-off versus Evgeny Dadonov in Staline zone.
5:02 of 1st period - Stu Bickel is hit by Ben Smith and loses puck.
5:04 of 1st period - Penalty to Cody Eakin is over, Cody Eakin is back on ice.
5:20 of 1st period - Stu Bickel is hit by John Klingberg and loses puck.
5:37 of 1st period - Snap shot by Yan Stastny.
5:37 of 1st period - Stopped by Alex Stalock with a rebound.
5:39 of 1st period - Wrist shot by Nick Spaling.
5:39 of 1st period - Stopped by Alex Stalock without a rebound.
5:40 of 1st period - Charlie Coyle wins face-off versus David Desharnais in Influenza zone.
5:45 of 1st period - David Kolomatis is hit by Mathieu Carle and loses puck.
6:08 of 1st period - Wrist shot by Robbie Earl.
6:08 of 1st period - Stopped by Allen York with a rebound.
6:10 of 1st period - Slapshot by Martins Karsums.
6:10 of 1st period - Deflect By Robbie Earl.
6:10 of 1st period - Shot Misses the Net.
6:10 of 1st period - Puck is out of play.
6:11 of 1st period - Zac Dalpe wins face-off versus Andrei Loktionov in Staline zone.
6:15 of 1st period - Minor Penalty to Jiri Tlusty for Tripping.
6:16 of 1st period - Ryan Carter wins face-off versus Andrei Loktionov in Staline zone.
6:33 of 1st period - Off-side.
6:34 of 1st period - Evgeny Dadonov wins face-off versus Zac Dalpe in neutral zone.
6:39 of 1st period - Slapshot by Andrei Loktionov.
6:39 of 1st period - Stopped by Alex Stalock without a rebound.
6:40 of 1st period - Zac Dalpe wins face-off versus Evgeny Dadonov in Influenza zone.
7:26 of 1st period - Yan Stastny is hit by Zac Dalpe and loses puck.
8:15 of 1st period - Penalty to Jiri Tlusty is over, Jiri Tlusty is back on ice.
8:22 of 1st period - Yan Stastny is hit by Ryan Russell and loses puck.
8:46 of 1st period - Snap shot by Yan Stastny.
8:46 of 1st period - Shot Misses the Net.
9:02 of 1st period - Snap shot by Cody Eakin.
9:02 of 1st period - Goal by Cody Eakin - Influenza : 0 - Staline : 2.
9:03 of 1st period - Ryan Carter wins face-off versus Andrei Loktionov in neutral zone.
9:09 of 1st period - Off-side.
9:10 of 1st period - Ryan Carter wins face-off versus Jiri Tlusty in neutral zone.
9:44 of 1st period - Wrist shot by Zac Dalpe.
9:44 of 1st period - Stopped by Allen York without a rebound.
9:45 of 1st period - Andrei Loktionov wins face-off versus Zac Dalpe in Staline zone.
9:45 of 1st period - Andrei Loktionov is hit by Ben Smith.
9:57 of 1st period - Snap shot by Ben Smith.
9:57 of 1st period - Deflect By Andrei Loktionov.
9:57 of 1st period - Shot Misses the Net.
9:57 of 1st period - Puck is out of play.
9:58 of 1st period - Andrei Loktionov wins face-off versus Martins Karsums in Staline zone.
10:07 of 1st period - Wrist shot by Jiri Tlusty.
10:07 of 1st period - Stopped by Alex Stalock without a rebound.
10:08 of 1st period - Andrei Loktionov wins face-off versus Martins Karsums in Influenza zone.
10:18 of 1st period - Off-side.
10:19 of 1st period - Ryan Carter wins face-off versus Jiri Tlusty in neutral zone.
10:30 of 1st period - Wrist shot by Evgeny Dadonov.
10:30 of 1st period - Deflect By Jiri Tlusty.
10:30 of 1st period - Stopped by Alex Stalock with a rebound.
10:32 of 1st period - Wrist shot by Andrei Loktionov.
10:32 of 1st period - Stopped by Alex Stalock with a rebound.
10:34 of 1st period - Wrist shot by Andrei Loktionov.
10:34 of 1st period - Stopped by Alex Stalock with a rebound.
11:49 of 1st period - Stu Bickel is hit by Ryan Russell and loses puck.
11:54 of 1st period - Wrist shot by Corey Tropp.
11:54 of 1st period - Stopped by Allen York with a rebound.
12:44 of 1st period - Snap shot by Zac Dalpe.
12:44 of 1st period - Shot Blocked by Aaron Ness.
12:46 of 1st period - Wrist shot by Zac Dalpe.
12:46 of 1st period - Stopped by Allen York with a rebound.
12:48 of 1st period - Snap shot by Ben Smith.
12:48 of 1st period - Stopped by Allen York without a rebound.
12:49 of 1st period - Andrei Loktionov wins face-off versus Ryan Carter in Staline zone.
12:49 of 1st period - Andrei Loktionov is hit by Ryan Carter.
13:15 of 1st period - Brian Salcido is hit by Yan Stastny and loses puck.
13:34 of 1st period - Torey Krug is hit by Corey Tropp and loses puck.
13:41 of 1st period - Snap shot by Mathieu Carle.
13:41 of 1st period - Deflect By Danny Kristo.
13:41 of 1st period - Goal by Mathieu Carle - Influenza : 1 - Staline : 2.
13:42 of 1st period - Robbie Earl wins face-off versus Andrei Loktionov in neutral zone.
13:48 of 1st period - Snap shot by Ryan Carter.
13:48 of 1st period - Shot Blocked by Evgeny Dadonov.
13:50 of 1st period - Snap shot by Ryan Carter.
13:50 of 1st period - Stopped by Allen York with a rebound.
13:54 of 1st period - Snap shot by Robbie Earl.
13:54 of 1st period - Goal by Robbie Earl - Influenza : 2 - Staline : 2.
13:55 of 1st period - Ryan Carter wins face-off versus Andrei Loktionov in neutral zone.
14:04 of 1st period - Slapshot by Robbie Earl.
14:04 of 1st period - Goal by Robbie Earl - Influenza : 3 - Staline : 2.
14:05 of 1st period - Ryan Carter wins face-off versus Andrei Loktionov in neutral zone.
14:21 of 1st period - Minor Penalty to Stu Bickel for Roughing.
14:22 of 1st period - Evgeny Dadonov wins face-off versus Ryan Carter in Staline zone.
14:22 of 1st period - Evgeny Dadonov is hit by Ryan Carter.
14:28 of 1st period - Icing by Ryan Carter.
14:29 of 1st period - Evgeny Dadonov wins face-off versus Ryan Carter in Influenza zone.
15:05 of 1st period - Snap shot by Yan Stastny.
15:05 of 1st period - Shot Misses the Net.
15:07 of 1st period - Slapshot by Jiri Tlusty.
15:07 of 1st period - Stopped by Alex Stalock with a rebound.
15:09 of 1st period - Slapshot by Mark Mitera.
15:09 of 1st period - Stopped by Alex Stalock with a rebound.
15:35 of 1st period - Slapshot by Ryan Carter.
15:35 of 1st period - Stopped by Allen York without a rebound.
15:36 of 1st period - Zac Dalpe wins face-off versus Yan Stastny in Staline zone.
15:49 of 1st period - Slapshot by Jamie Benn.
15:49 of 1st period - Shot Blocked by Mark Fraser.
15:51 of 1st period - Wrist shot by Jamie Benn.
15:51 of 1st period - Shot Misses the Net.
16:21 of 1st period - Penalty to Stu Bickel is over, Stu Bickel is back on ice.
16:49 of 1st period - Greg Pateryn is hit by Jeremy Morin and loses puck.
16:58 of 1st period - Slapshot by Mathieu Carle.
16:58 of 1st period - Deflect By T.J Galiardi.
16:58 of 1st period - Shot Blocked by Stu Bickel.
16:58 of 1st period - Puck is out of play.
16:59 of 1st period - Yan Stastny wins face-off versus Andreas Engqvist in Staline zone.
16:59 of 1st period - Yan Stastny is hit by Mathieu Carle.
17:11 of 1st period - Slapshot by Yan Stastny.
17:11 of 1st period - Shot Misses the Net.
17:13 of 1st period - Snap shot by Yan Stastny.
17:13 of 1st period - Shot Misses the Net.
17:44 of 1st period - Jiri Tlusty is hit by Martins Karsums.
17:50 of 1st period - John Klingberg is hit by Stu Bickel and loses puck.
18:09 of 1st period - Snap shot by Ben Smith.
18:09 of 1st period - Stopped by Allen York without a rebound.
18:10 of 1st period - Zac Dalpe wins face-off versus Cody Eakin in Staline zone.
18:18 of 1st period - Slapshot by Jamie Benn.
18:18 of 1st period - Stopped by Allen York with a rebound.
18:20 of 1st period - Slapshot by Brian Salcido.
18:20 of 1st period - Shot Misses the Net.
18:22 of 1st period - Snap shot by Zac Dalpe.
18:22 of 1st period - Shot Blocked by Mark Mitera.
18:24 of 1st period - Wrist shot by Zac Dalpe.
18:24 of 1st period - Stopped by Allen York with a rebound.
18:26 of 1st period - Wrist shot by Ben Smith.
18:26 of 1st period - Stopped by Allen York with a rebound.
18:28 of 1st period - Snap shot by Jamie Benn.
18:28 of 1st period - Goal by Jamie Benn - Influenza : 4 - Staline : 2.
18:29 of 1st period - Andrei Loktionov wins face-off versus Ryan Carter in neutral zone.
18:42 of 1st period - Snap shot by Andrei Loktionov.
18:42 of 1st period - Deflect By Jiri Tlusty.
18:42 of 1st period - Stopped by Alex Stalock without a rebound.
18:43 of 1st period - Yan Stastny wins face-off versus Zac Dalpe in Influenza zone.
Goals for this period are 4 for Influenza vs 2 for Staline.
Shots for this period are 21 for Influenza vs 14 for Staline.

2nd period


0:01 of 2nd period - Ryan Carter wins face-off versus Andrei Loktionov in neutral zone.
0:06 of 2nd period - Snap shot by Andrei Loktionov.
0:06 of 2nd period - Stopped by Alex Stalock without a rebound.
0:07 of 2nd period - Ryan Carter wins face-off versus Evgeny Dadonov in Influenza zone.
0:18 of 2nd period - Slapshot by Ryan Carter.
0:18 of 2nd period - Shot Misses the Net.
1:16 of 2nd period - Off-side.
1:17 of 2nd period - Andrei Loktionov wins face-off versus Charlie Coyle in neutral zone.
1:20 of 2nd period - Mark Mitera is hit by Ryan Russell and loses puck.
1:35 of 2nd period - Slapshot by Andrei Loktionov.
1:35 of 2nd period - Stopped by Alex Stalock with a rebound.
2:07 of 2nd period - Snap shot by Corey Tropp.
2:07 of 2nd period - Shot Misses the Net.
2:19 of 2nd period - Slapshot by John Klingberg.
2:19 of 2nd period - Stopped by Allen York with a rebound.
2:27 of 2nd period - Snap shot by Corey Tropp.
2:27 of 2nd period - Shot Misses the Net.
2:31 of 2nd period - Backhand shot by Ryan Russell.
2:31 of 2nd period - Shot Blocked by Andrei Loktionov.
2:57 of 2nd period - Off-side.
2:58 of 2nd period - Ryan Carter wins face-off versus Yan Stastny in neutral zone.
3:19 of 2nd period - Minor Penalty to Stu Bickel for Hooking.
3:20 of 2nd period - Martins Karsums wins face-off versus Brendan Shinnimin in Staline zone.
3:31 of 2nd period - Snap shot by Ryan Carter.
3:31 of 2nd period - Stopped by Allen York without a rebound.
3:32 of 2nd period - Evgeny Dadonov wins face-off versus Ryan Carter in Staline zone.
3:55 of 2nd period - Ben Smith is hit by Aaron Ness and loses puck.
5:19 of 2nd period - Penalty to Stu Bickel is over, Stu Bickel is back on ice.
5:31 of 2nd period - Icing by David Kolomatis.
5:32 of 2nd period - Andreas Engqvist wins face-off versus James Sheppard in Staline zone.
5:35 of 2nd period - Wrist shot by T.J Galiardi.
5:35 of 2nd period - Stopped by Allen York with a rebound.
5:42 of 2nd period - Off-side.
5:43 of 2nd period - Nick Spaling wins face-off versus Jamie Benn in neutral zone.
6:18 of 2nd period - Snap shot by Martins Karsums.
6:18 of 2nd period - Shot Misses the Net.
6:37 of 2nd period - Minor Penalty to T.J Galiardi for Kneeing.
6:38 of 2nd period - Robbie Earl wins face-off versus Andrei Loktionov in Influenza zone.
7:12 of 2nd period - Snap shot by Yan Stastny.
7:12 of 2nd period - Shot Misses the Net.
7:14 of 2nd period - Snap shot by Mark Mitera.
7:14 of 2nd period - Shot Blocked by Noah Welch.
7:16 of 2nd period - Snap shot by Jordan Caron.
7:16 of 2nd period - Deflect By Yan Stastny.
7:16 of 2nd period - Shot Misses the Net.
7:16 of 2nd period - Puck is out of play.
7:17 of 2nd period - Yan Stastny wins face-off versus Robbie Earl in Influenza zone.
7:30 of 2nd period - Slapshot by Torey Krug.
7:30 of 2nd period - Shot Misses the Net.
7:32 of 2nd period - Wrist shot by Yan Stastny.
7:32 of 2nd period - Stopped by Alex Stalock without a rebound.
7:33 of 2nd period - Martins Karsums wins face-off versus Andrei Loktionov in Influenza zone.
8:02 of 2nd period - Snap shot by Stu Bickel.
8:02 of 2nd period - Stopped by Alex Stalock with a rebound.
8:37 of 2nd period - Penalty to T.J Galiardi is over, T.J Galiardi is back on ice.
8:45 of 2nd period - Snap shot by T.J Galiardi.
8:45 of 2nd period - Shot Blocked by Mark Mitera.
9:02 of 2nd period - Off-side.
9:03 of 2nd period - Cody Eakin wins face-off versus Zac Dalpe in neutral zone.
9:06 of 2nd period - Slapshot by Stu Bickel.
9:06 of 2nd period - Stopped by Alex Stalock with a rebound.
9:16 of 2nd period - Zac Dalpe is hit by Stu Bickel and loses puck.
9:20 of 2nd period - Brian Salcido is hit by Stu Bickel and loses puck.
9:27 of 2nd period - Slapshot by Brian Salcido.
9:27 of 2nd period - Stopped by Allen York with a rebound.
9:29 of 2nd period - Slapshot by Ben Smith.
9:29 of 2nd period - Deflect By Yan Stastny.
9:29 of 2nd period - Stopped by Allen York without a rebound.
9:30 of 2nd period - Yan Stastny wins face-off versus Ryan Carter in Staline zone.
9:30 of 2nd period - Yan Stastny is hit by Mathieu Carle.
9:42 of 2nd period - Wrist shot by Ryan Carter.
9:42 of 2nd period - Deflect By Robbie Earl.
9:42 of 2nd period - Shot Misses the Net.
9:42 of 2nd period - Puck is out of play.
9:43 of 2nd period - Ryan Carter wins face-off versus Andrei Loktionov in Staline zone.
9:54 of 2nd period - Snap shot by Jiri Tlusty.
9:54 of 2nd period - Goal by Jiri Tlusty - Influenza : 4 - Staline : 3.
9:55 of 2nd period - Ryan Carter wins face-off versus Yan Stastny in neutral zone.
10:43 of 2nd period - Noah Welch is hit by Bryan Bickell and loses puck.
10:59 of 2nd period - Icing by Noah Welch.
11:00 of 2nd period - Cody Eakin wins face-off versus Charlie Coyle in Influenza zone.
11:01 of 2nd period - Wrist shot by James Sheppard.
11:01 of 2nd period - Stopped by Alex Stalock without a rebound.
11:02 of 2nd period - Charlie Coyle wins face-off versus Cody Eakin in Influenza zone.
11:27 of 2nd period - Robbie Earl is hit by Andrei Loktionov.
12:09 of 2nd period - Wrist shot by David Desharnais.
12:09 of 2nd period - Deflect By Bryan Bickell.
12:09 of 2nd period - Goal by Bryan Bickell - Influenza : 4 - Staline : 4.
12:10 of 2nd period - Andrei Loktionov wins face-off versus Ryan Carter in neutral zone.
12:12 of 2nd period - Off-side.
12:13 of 2nd period - Ryan Carter wins face-off versus Andrei Loktionov in neutral zone.
12:13 of 2nd period - Ryan Carter is hit by Andrei Loktionov.
12:17 of 2nd period - Slapshot by Mathieu Carle.
12:17 of 2nd period - Deflect By Martins Karsums.
12:17 of 2nd period - Stopped by Allen York with a rebound.
12:19 of 2nd period - Slapshot by Mathieu Carle.
12:19 of 2nd period - Deflect By Ryan Carter.
12:19 of 2nd period - Stopped by Allen York without a rebound.
12:20 of 2nd period - Andrei Loktionov wins face-off versus Ryan Carter in Staline zone.
12:50 of 2nd period - Minor Penalty to Evgeny Dadonov for Holding.
12:51 of 2nd period - Zac Dalpe wins face-off versus Brendan Shinnimin in Staline zone.
12:53 of 2nd period - Snap shot by Zac Dalpe.
12:53 of 2nd period - Stopped by Allen York with a rebound.
13:01 of 2nd period - Snap shot by Jamie Benn.
13:01 of 2nd period - Shot Misses the Net.
13:17 of 2nd period - Slapshot by Robbie Earl.
13:17 of 2nd period - Goal by Robbie Earl - Influenza : 5 - Staline : 4.
13:18 of 2nd period - Yan Stastny wins face-off versus Ryan Carter in neutral zone.
13:45 of 2nd period - Mark Fraser is hit by Noah Welch and loses puck.
14:16 of 2nd period - Aaron Ness is hit by Jamie Benn and loses puck.
14:27 of 2nd period - David Kolomatis is hit by Carl Gunnarsson and loses puck.
14:34 of 2nd period - Slapshot by Ryan Russell.
14:34 of 2nd period - Goal by Ryan Russell - Influenza : 6 - Staline : 4.
14:35 of 2nd period - Yan Stastny wins face-off versus Ryan Carter in neutral zone.
14:51 of 2nd period - Minor Penalty to Mark Fraser for Hooking.
14:52 of 2nd period - Ryan Carter wins face-off versus Evgeny Dadonov in Staline zone.
15:05 of 2nd period - Wrist shot by Ryan Carter.
15:05 of 2nd period - Stopped by Allen York with a rebound.
15:17 of 2nd period - Yan Stastny is hit by Mathieu Carle.
16:51 of 2nd period - Penalty to Mark Fraser is over, Mark Fraser is back on ice.
17:21 of 2nd period - Charlie Coyle is hit by Stu Bickel.
17:27 of 2nd period - Snap shot by Corey Tropp.
17:27 of 2nd period - Stopped by Allen York without a rebound.
17:28 of 2nd period - David Desharnais wins face-off versus Ryan Russell in Staline zone.
17:32 of 2nd period - Off-side.
17:33 of 2nd period - Charlie Coyle wins face-off versus Andrei Loktionov in neutral zone.
17:44 of 2nd period - Slapshot by Torey Krug.
17:44 of 2nd period - Stopped by Alex Stalock with a rebound.
17:48 of 2nd period - Snap shot by Andrei Loktionov.
17:48 of 2nd period - Stopped by Alex Stalock without a rebound.
17:49 of 2nd period - Yan Stastny wins face-off versus Robbie Earl in Influenza zone.
18:16 of 2nd period - Ben Smith is hit by Evgeny Dadonov and loses puck.
18:41 of 2nd period - Jeremy Morin is hit by Danny Kristo and loses puck.
18:49 of 2nd period - Off-side.
18:50 of 2nd period - Cody Eakin wins face-off versus Martins Karsums in neutral zone.
19:01 of 2nd period - Snap shot by Robbie Earl.
19:01 of 2nd period - Shot Misses the Net.
19:03 of 2nd period - Snap shot by Martins Karsums.
19:03 of 2nd period - Shot Misses the Net.
19:05 of 2nd period - Wrist shot by Robbie Earl.
19:05 of 2nd period - Goal by Robbie Earl - Influenza : 7 - Staline : 4.
19:05 of 2nd period - Tobias Stephan enters game.
19:06 of 2nd period - Ryan Carter wins face-off versus Andrei Loktionov in neutral zone.
19:08 of 2nd period - Off-side.
19:09 of 2nd period - Ryan Carter wins face-off versus Andrei Loktionov in neutral zone.
19:23 of 2nd period - Minor Penalty to Stu Bickel for Holding.
19:24 of 2nd period - Evgeny Dadonov wins face-off versus Ryan Carter in Staline zone.
Goals for this period are 3 for Influenza vs 2 for Staline.
Shots for this period are 13 for Influenza vs 10 for Staline.

3rd period


0:01 of 3rd period - Ryan Carter wins face-off versus Evgeny Dadonov in neutral zone.
0:04 of 3rd period - Slapshot by Noah Welch.
0:04 of 3rd period - Shot Misses the Net.
0:06 of 3rd period - Slapshot by Mathieu Carle.
0:06 of 3rd period - Shot Misses the Net.
0:08 of 3rd period - Backhand shot by Robbie Earl.
0:08 of 3rd period - Shot Misses the Net.
0:10 of 3rd period - Wrist shot by Noah Welch.
0:10 of 3rd period - Shot Blocked by Mark Fraser.
0:12 of 3rd period - Snap shot by Ryan Carter.
0:12 of 3rd period - Shot Misses the Net.
0:14 of 3rd period - Snap shot by Martins Karsums.
0:14 of 3rd period - Shot Misses the Net.
0:16 of 3rd period - Wrist shot by Mathieu Carle.
0:16 of 3rd period - Deflect By Robbie Earl.
0:16 of 3rd period - Stopped by Tobias Stephan with a rebound.
0:32 of 3rd period - Slapshot by Mathieu Carle.
0:32 of 3rd period - Stopped by Tobias Stephan with a rebound.
1:21 of 3rd period - Jamie Benn is hit by Brendan Shinnimin and loses puck.
1:23 of 3rd period - Penalty to Stu Bickel is over, Stu Bickel is back on ice.
1:33 of 3rd period - Wrist shot by Bryan Bickell.
1:33 of 3rd period - Shot Misses the Net.
1:35 of 3rd period - Slapshot by Mark Fraser.
1:35 of 3rd period - Stopped by Alex Stalock without a rebound.
1:36 of 3rd period - Yan Stastny wins face-off versus Andreas Engqvist in Influenza zone.
2:44 of 3rd period - Wrist shot by Cody Eakin.
2:44 of 3rd period - Shot Blocked by Mathieu Carle.
2:46 of 3rd period - Wrist shot by James Sheppard.
2:46 of 3rd period - Stopped by Alex Stalock with a rebound.
2:48 of 3rd period - Slapshot by Torey Krug.
2:48 of 3rd period - Deflect By Cody Eakin.
2:48 of 3rd period - Stopped by Alex Stalock without a rebound.
2:49 of 3rd period - Andrei Loktionov wins face-off versus Robbie Earl in Influenza zone.
2:53 of 3rd period - Minor Penalty to Jiri Tlusty for Hooking.
2:54 of 3rd period - Evgeny Dadonov wins face-off versus Ryan Carter in Staline zone.
2:54 of 3rd period - Evgeny Dadonov is hit by Ryan Carter.
3:08 of 3rd period - Snap shot by Evgeny Dadonov.
3:08 of 3rd period - Goal by Evgeny Dadonov - Influenza : 7 - Staline : 5.
3:09 of 3rd period - Evgeny Dadonov wins face-off versus Ryan Carter in neutral zone.
4:53 of 3rd period - Penalty to Jiri Tlusty is over, Jiri Tlusty is back on ice.
5:00 of 3rd period - Wrist shot by Jeremy Morin.
5:00 of 3rd period - Shot Misses the Net.
5:38 of 3rd period - Nick Spaling is hit by T.J Galiardi and loses puck.
7:02 of 3rd period - Wrist shot by Torey Krug.
7:02 of 3rd period - Shot Blocked by Carl Gunnarsson.
7:11 of 3rd period - Icing by Mark Mitera.
7:12 of 3rd period - Yan Stastny wins face-off versus Ryan Carter in Staline zone.
7:57 of 3rd period - Carl Gunnarsson is hit by Stu Bickel and loses puck.
8:06 of 3rd period - Slapshot by Danny Kristo.
8:06 of 3rd period - Shot Misses the Net.
8:08 of 3rd period - Snap shot by Bryan Bickell.
8:08 of 3rd period - Stopped by Alex Stalock with a rebound.
8:38 of 3rd period - Snap shot by Corey Tropp.
8:38 of 3rd period - Shot Misses the Net.
8:48 of 3rd period - Snap shot by Cody Eakin.
8:48 of 3rd period - Shot Blocked by Oskars Bartulis.
8:50 of 3rd period - Slapshot by Aaron Ness.
8:50 of 3rd period - Stopped by Alex Stalock with a rebound.
8:52 of 3rd period - Slapshot by David Kolomatis.
8:52 of 3rd period - Shot Hit the Post.
8:54 of 3rd period - Slapshot by Cody Eakin.
8:54 of 3rd period - Shot Blocked by Oskars Bartulis.
9:10 of 3rd period - Slapshot by Cody Eakin.
9:10 of 3rd period - Shot Blocked by Oskars Bartulis.
9:12 of 3rd period - Snap shot by James Sheppard.
9:12 of 3rd period - Deflect By Cody Eakin.
9:12 of 3rd period - Stopped by Alex Stalock with a rebound.
9:14 of 3rd period - Snap shot by Cody Eakin.
9:14 of 3rd period - Shot Blocked by Ryan Russell.
9:20 of 3rd period - Slapshot by James Sheppard.
9:20 of 3rd period - Shot Misses the Net.
9:27 of 3rd period - Minor Penalty to Brian Salcido for Interference.
9:28 of 3rd period - Robbie Earl wins face-off versus Andrei Loktionov in Influenza zone.
10:18 of 3rd period - Wrist shot by Martins Karsums.
10:18 of 3rd period - Stopped by Tobias Stephan without a rebound.
10:19 of 3rd period - Yan Stastny wins face-off versus Martins Karsums in Staline zone.
11:27 of 3rd period - Penalty to Brian Salcido is over, Brian Salcido is back on ice.
12:53 of 3rd period - Carl Gunnarsson is hit by Cody Eakin and loses puck.
13:12 of 3rd period - Corey Tropp is hit by Yan Stastny and loses puck.
13:45 of 3rd period - Andrei Loktionov is hit by Zac Dalpe.
14:03 of 3rd period - Danny Kristo is hit by Oskars Bartulis.
14:41 of 3rd period - Robbie Earl is hit by Mark Stone and loses puck.
15:27 of 3rd period - Snap shot by Danny Kristo.
15:27 of 3rd period - Shot Blocked by Charlie Coyle.
16:25 of 3rd period - Andreas Engqvist is hit by Stu Bickel and loses puck.
16:48 of 3rd period - Minor Penalty to Danny Kristo for Hooking.
16:49 of 3rd period - Evgeny Dadonov wins face-off versus Ryan Carter in Staline zone.
16:59 of 3rd period - Wrist shot by Andrei Loktionov.
16:59 of 3rd period - Goal by Andrei Loktionov - Influenza : 7 - Staline : 6.
17:00 of 3rd period - Evgeny Dadonov wins face-off versus Ryan Carter in neutral zone.
17:07 of 3rd period - Snap shot by Andrei Loktionov.
17:07 of 3rd period - Shot Misses the Net.
17:57 of 3rd period - Minor Penalty to Martins Karsums for Slashing.
17:58 of 3rd period - Evgeny Dadonov wins face-off versus Robbie Earl in Influenza zone.
18:43 of 3rd period - Snap shot by Jamie Benn.
18:43 of 3rd period - Stopped by Tobias Stephan without a rebound.
18:43 of 3rd period - Minor Penalty to Tobias Stephan for Delaying the game.
18:44 of 3rd period - Evgeny Dadonov wins face-off versus Robbie Earl in Staline zone.
18:48 of 3rd period - Penalty to Danny Kristo is over, Danny Kristo is back on ice.
18:49 of 3rd period - Staline, Tobias Stephan is pulled from the net.
19:43 of 3rd period - Robbie Earl is hit by Jiri Tlusty and loses puck.
19:57 of 3rd period - Penalty to Martins Karsums is over, Martins Karsums is back on ice.
Goals for this period are 0 for Influenza vs 2 for Staline.
Shots for this period are 4 for Influenza vs 8 for Staline.